 Dungeon Crawl Stone Soup version 0.17-a0-986-gf45d1aa (webtiles) character file.

98 RobertPalmer the Changer (level 4, 0/28 HPs)
             Began as an Octopode Transmuter on May 11, 2015.
             Slain by an adder (2 damage)
             ... on level 2 of the Dungeon.
             The game lasted 00:03:32 (2174 turns).

RobertPalmer the Changer (Octopode Transmuter)      Turns: 2174, Time: 00:03:32

Health: 0/28       AC:  1    Str:  9    XL:     4   Next: 69%
Magic:  7/7        EV: 12    Int: 20    God:
Gold:   112        SH:  0    Dex: 13    Spells: 3 memorised, 1 level left

rFire  . . .     SeeInvis .       - Unarmed
rCold  . . .     Clarity  .     (no shield)
rNeg   . . .     SustAb   .     (helmet restricted)
rPois  .         Gourm    .     (no amulet)
rElec  .         Spirit   .     (no ring)
rCorr  .         Warding  .     (no ring)
rMut   .         Stasis   .     (no ring)
MR     .....                    (no ring)
Stlth  ++........               (no ring)
                                (no ring)
                                (no ring)
                                (no ring)

@: brilliant, lethally poisoned (0 -> -8), appendage, flying, not resistant to
hostile enchantments, unstealthy
A: almost no armour, amphibious, 8 rings, constrict 8, tentacle spike 3,
camouflage 1, gelatinous body 1
a: End Transformation


You were on level 2 of the Dungeon.
You were not hungry.
One of your tentacles had a temporary spike.
You visited 1 branch of the dungeon, and saw 2 of its levels.

You collected 112 gold pieces.

Inventory:

Missiles
 a - 32 arrows
Jewellery
 j - a cursed ring of ice {rC+, rF-}
   (You found it on level 2 of the Dungeon)
Scrolls
 g - a scroll of teleportation {unknown}
 i - a scroll of remove curse {unknown}
 k - a scroll of recharging {unknown}
Potions
 e - a potion of flight
Books
 b - a book of Changes
Comestibles
 c - 2 bread rations {@e1}
 d - a slice of pizza


   Skills:
 - Level 1.0 Fighting
 - Level 2.0 Dodging
 + Level 3.3 Unarmed Combat
 - Level 2.0 Spellcasting
 - Level 4.0 Transmutations
 - Level 2.0 Poison Magic


You had one spell level left.
You knew the following spells:

 Your Spells              Type           Power        Failure   Level  Hunger
a - Beastly Appendage     Trmt           ####..       1%          1    #......
c - Spider Form           Trmt/Pois      ####......   1%          3    ###....
s - Sticks to Snakes      Trmt           ####......   1%          2    ##.....


Dungeon Overview and Level Annotations

Branches:
Dungeon (2/15)

Altars:
Cheibriados
Dithmenos
Okawaru
Trog


Innate Abilities, Weirdness & Mutations

You cannot wear most types of armour.
You are amphibious.
You can wear up to eight rings at the same time.
You can use your tentacles to constrict eight enemies at once.
Your skin changes colour to match your surroundings (Stealth).
Your rubbery body absorbs attacks (AC +1).
One of your tentacles bears a large vicious spike.


Message History

You now have 6/7 mp.
The kobold throws a stone.
The stone barely misses you.
An adder comes into view.
The kobold hits you with a short sword.
You take 6 damage, and have 22/28 hp.
MASSIVE DAMAGE!!
You tentacle-slap the kobold but do no damage.
Your grab misses the kobold. The kobold barely misses you.
You barely miss the kobold. Your grab misses the kobold.
You pierce the kobold.
The kobold barely misses you. The adder completely misses you.
You tentacle-slap the kobold. You grab the kobold.
You pierce the kobold, but do no damage.
Your transformation is almost over.
You constrict the kobold.
You kill the kobold!
The adder completely misses you.
You barely miss the adder. You grab the adder. Your squeeze misses the adder.
You constrict the adder, but do no damage.
The adder misses you.
All of the chunks of flesh in your inventory have rotted away.
You tentacle-slap the adder.
You pierce the adder.
You constrict the adder. The adder barely misses you.
MP restored: 7 You tentacle-slap the adder.
You kill the adder!
Unknown command.
Things that are here:
a short sword; a stone Your tentacle spike disappears.
A giant gecko comes into view.
You regained 3 hp, and now have 25/28 hp.
A giant gecko is nearby!
A giant gecko is nearby!
A giant gecko is nearby!
You tentacle-slap the giant gecko. You grab the giant gecko.
You constrict the giant gecko. The giant gecko bites you.
You take 4 damage, and have 21/28 hp.
You tentacle-slap the giant gecko.
You kill the giant gecko!
No target in view!
No target in view!
You see here a giant gecko corpse.
A kobold comes into view.
The kobold shouts!
The kobold throws a stone.
The stone barely misses you.
You see here a stone.
A kobold is nearby!
A kobold is nearby!
A kobold is nearby!
An adder and a rat come into view.
The kobold throws a stone.
The stone hits you.
You see here a stone.
You take 2 damage, and have 20/28 hp.
A kobold comes into view. It is wielding a whip.
One of your tentacles grows a vicious spike.
The rat bites you.
You take 1 damage, and have 19/28 hp.
You now have 6/7 mp.
Unknown command.
You see here a stone.
You see here a stone.
You tentacle-slap the rat.
You kill the rat!
The adder closely misses you. The kobold hits you.
Things that are here:
a stone; a rat corpse Unknown command.
The adder bites you.
You see here a stone.
You take 4 damage, and have 15/28 hp.
You barely miss the adder. Your grab misses the adder.
The adder closely misses you.
You tentacle-slap the adder. Your grab misses the adder. The adder bites you.
You are poisoned.
The adder poisons you!
You take 3 damage, and have 12/28 hp.
You closely miss the adder. Your grab misses the adder.
Your tentacle spike misses the adder.
You feel sick. The adder closely misses you. The adder bites you.
* * * LOW HITPOINT WARNING * * *
You take 5 damage, and have 7/28 hp.
Unknown command.
You tentacle-slap the adder but do no damage.
Your grab misses the adder.
Your tentacle spike misses the adder.
The adder barely misses you.
MP restored: 7 Unknown command.
Drink which item? (? for menu, Esc to quit)
It was a potion of flight.
You feel very buoyant.
You fly up into the air.
The adder bites you.
* * * LOW HITPOINT WARNING * * *
You are lethally poisoned!
The adder poisons you!
You take 4 damage, and have 3/28 hp.
Drink which item? (? for menu, Esc to quit)
It was a potion of brilliance.
You feel clever all of a sudden.
* * * LOW HITPOINT WARNING * * *
You feel sick. The adder bites you.
You die...

#.#..# #.#..# #.....
####.# ######### #.....
#.......# ########.##.#
#.......# #........##.#
#.......#### #........##..
#......KS@.###.#####..#.#.
#......K##..†.....##...###
#.......######.##>....## #
#.......# #.#####.#.###
#........ #.[...#P#.#.#
#.#..##.# #.....#_._._# #
#.. #.# ###..)....... #.
..# #####.##...⌠PP. #. ..#
#.....#P#...P.#


You could see an adder and 2 kobolds.

Vanquished Creatures
  A gnoll (D:1)
  2 adders
  An ooze (D:2)
  2 worms (D:2)
  5 bats
  3 giant cockroaches
  6 hobgoblins
  4 kobolds
  2 ball pythons (D:1)
  6 giant geckos
  4 giant newts
  11 goblins
  6 rats
53 creatures vanquished.

Vanquished Creatures (collateral kills)
  A worm (D:2)
1 creature vanquished.

Grand Total: 54 creatures vanquished

Notes
Turn   | Place    | Note
--------------------------------------------------------------
     0 | D:1      | RobertPalmer the Octopode Transmuter began the quest for the Orb.
     0 | D:1      | Reached XP level 1. HP: 13/13 MP: 3/3
   211 | D:1      | Reached XP level 2. HP: 13/18 MP: 5/5
   289 | D:1      | HP: 3/18 [gnoll (7)]
   450 | D:1      | Reached skill level 3 in Transmutations
   481 | D:1      | Learned a level 2 spell: Sticks to Snakes
   707 | D:1      | Reached XP level 3. HP: 14/23 MP: 3/6
   924 | D:1      | Learned a level 3 spell: Spider Form
  1126 | D:1      | Reached skill level 1 in Poison Magic
  1599 | D:2      | Reached skill level 2 in Poison Magic
  1617 | D:2      | Reached XP level 4. HP: 17/28 MP: 7/7
  1889 | D:2      | Found a bloodstained altar of Trog.
  1892 | D:2      | Reached skill level 4 in Transmutations
  1948 | D:2      | Found an iron altar of Okawaru.
  1948 | D:2      | Found a shadowy altar of Dithmenos.
  1955 | D:2      | Found a snail-covered altar of Cheibriados.
  2171 | D:2      | HP: 7/28 [adder (4)]
  2173 | D:2      | HP: 3/28 [adder (4)]
  2174 | D:2      | Slain by an adder

Vault maps used:
D:1:      dpeg_cavernosity
D:2:      overflow_temple_1_default, gammafunk_temple_overflow_forgotten

Action                   |  1- 3 |  4- 6 || total
-------------------------+-------+-------++-------
Melee: Unarmed           |    76 |    48 ||   124
 Cast: Beastly Appendage |     8 |     9 ||    17
       Sticks to Snakes  |       |     1 ||     1
  Use: Potion            |     1 |     2 ||     3
       Scroll            |       |     1 ||     1
 Stab: Sleeping          |     5 |     3 ||     8
       Distracted        |     1 |     1 ||     2
  Eat: Chunk             |     2 |     2 ||     4

Vault maps used:
D:1:      dpeg_cavernosity
D:2:      overflow_temple_1_default, gammafunk_temple_overflow_forgotten

Table legend:
 A = Turns spent in this place as a percentage of turns spent in the entire game.
 B = Non-inter-level travel turns spent in this place as a percentage of non-inter-level travel turns spent in the entire game.
 C = Inter-level travel turns spent in this place as a percentage of turns spent in this place.
 D = Turns resting spent in this place as a percentage of non-inter-level travel turns spent in this place.
 E = Turns spent auto-exploring this place as a percentage of non-inter-level travel turns spent in this place.
 F = Non-inter-level travel turns spent in this place divided by the number of levels of this place that you've seen.
                   A       B       C       D       E      F
               +-------+-------+-------+-------+-------+----------------------
         Total | 100.0 | 100.0 |   0.1 |   1.8 |   9.0 | 388.0
       Dungeon | 100.0 | 100.0 |   0.1 |   1.8 |   9.0 | 388.0
               +-------+-------+-------+-------+-------+----------------------

Table legend:
 A = Kills in this place as a percentage of kills in entire the game.
 B = Kills by you in this place as a percentage of kills by you in the entire game.
 C = Kills by friends in this place as a percentage of kills by friends in the entire game.
 D = Other kills in this place as a percentage of other kills in the entire game.
 E = Experience gained in this place as a percentage of experience gained in the entire game.
 F = Experience gained in this place divided by the number of levels of this place that you have seen.
                   A       B       C       D       E      F
               +-------+-------+-------+-------+-------+----------------------
         Total | 100.0 | 100.0 | 100.0 |  -nan | 100.0 |  70.0
       Dungeon | 100.0 | 100.0 | 100.0 |  -nan | 100.0 |  70.0
               +-------+-------+-------+-------+-------+----------------------
